 Dungeon Crawl Stone Soup version 0.22.1-1-ga44c0e56f4 (webtiles) character file.

209 Anathary the Shield-Bearer (level 5, 0/47 HPs)
             Began as a Hill Orc Fighter on Sept 21, 2018.
             Was an Initiate of Nemelex Xobeh.
             Slain by an orc
             ... wielding a +0 hand axe
              (5 damage)
             ... on level 4 of the Dungeon.
             The game lasted 00:12:37 (3305 turns).

Anathary the Shield-Bearer (Hill Orc Fighter)       Turns: 3305, Time: 00:12:38

Health: 0/47       AC:  9    Str: 20    XL:     5   Next: 87%
Magic:  5/5        EV:  8    Int:  8    God:    Nemelex Xobeh [......]
Gold:   179        SH:  9    Dex: 10    Spells: 4/4 levels left

rFire    . . .     SeeInvis .   a - +0 long sword
rCold    . . .     Gourm    .   c - +0 shield
rNeg     . . .     Faith    .   b - +0 scale mail
rPois    .         Spirit   .   r - +2 hat
rElec    .         Reflect  .   (no cloak)
rCorr    .         Harm     .   (no gloves)
MR       .....                  (no boots)
Stlth    ..........             (no amulet)
HPRegen  0.15/turn              (no ring)
MPRegen  0.09/turn              (no ring)

@: no status effects
A: no striking features
a: Renounce Religion


You were on level 4 of the Dungeon.
You worshipped Nemelex Xobeh.
Nemelex Xobeh was noncommittal.
You were not hungry.

You visited 1 branch of the dungeon, and saw 4 of its levels.

You collected 179 gold pieces.

Inventory:

Hand Weapons
 a - a +0 long sword (weapon)
Armour
 b - a +0 scale mail (worn)
 c - a +0 shield (worn)
 r - a +2 hat (worn)
Jewellery
 h - an uncursed ring of wizardry {unknown}
 m - a cursed ring of attention {unknown}
Scrolls
 e - 5 scrolls of identify {unknown}
 i - 2 scrolls of remove curse {unknown}
 k - a scroll of blinking {unknown}
 l - a scroll of enchant armour {unknown}
 n - a scroll of noise {unknown}
 p - a scroll of teleportation {unknown}
Potions
 d - a potion of might
 g - 2 potions of cancellation {unknown}
 j - a potion of invisibility {unknown}
 o - a potion of degeneration {unknown}
 q - a potion of curing
Miscellaneous
 s - a plain deck of summoning
Comestibles
 f - 2 rations


   Skills:
 + Level 4.4 Fighting
 + Level 3.8 Long Blades
 + Level 4.0 Armour
 + Level 1.1 Dodging
 + Level 0.1 Stealth
 + Level 4.6 Shields


You had 4 spell levels left.
You didn't know any spells.
Your spell library was empty.

Dungeon Overview and Level Annotations

Branches:
Dungeon (4/15)
 Temple: D:4-7

Altars:
Dithmenos
Fedhas
Gozag
Kikubaaqudgha
Makhleb
Nemelex Xobeh
Ru


Message History

The hound is moderately wounded.
You closely miss the orc.
The orc is severely wounded.
You block the hound's attack. The hound completely misses you.
The bullfrog skeleton hits you.
* * * LOW HITPOINT WARNING * * *
The orc barely misses you. The hound barely misses you.
You block the hound's attack.
The bullfrog skeleton barely misses you.
You riposte.
You barely miss the bullfrog skeleton. You barely miss the orc.
The orc is severely wounded.
You feel yourself speed up. The hound bites you.
* * * LOW HITPOINT WARNING * * *
The hound bites you.
* * * LOW HITPOINT WARNING * * *
The orc hits you with a hand axe.
You die...
Your body disappears without a glow.

#.....#...# .......
.....#. #...# .......
#######<######.......
.........>...........
.....................
#................<..#
#$..........Z........
............o@.w....#
............hh###....
..##.........o# .. .#
#..........##...#
#..........)....#
#.............#...
####...##........
#..###.......... #.#
...........


You could see a worm, 2 hounds, 2 orcs and a bullfrog skeleton.

Vanquished Creatures
  A hound (D:2)
  2 orc wizards (D:4)
  Jessica (D:2)
  3 adders
  An ooze (D:3)
  2 worms
  A dart slug (D:2)
  An orc (D:4)
  7 bats
  3 giant cockroaches (D:3)
  7 hobgoblins
  2 jackals (D:1)
  A quokka (D:2)
  3 frilled lizards (D:1)
  6 goblins
  9 kobolds
  7 rats
57 creatures vanquished.

Notes
Turn   | Place    | Note
-------+----------+-------------------------------------------
     0 | D:1      | Anathary the Hill Orc Fighter began the quest for the Orb.
     0 | D:1      | Reached XP level 1. HP: 19/19 MP: 1/1
   157 | D:1      | Reached XP level 2. HP: 25/27 MP: 2/2
   835 | D:1      | Reached XP level 3. HP: 30/33 MP: 3/3
  1183 | D:2      | Found a burning altar of Makhleb.
  1197 | D:2      | Reached XP level 4. HP: 23/40 MP: 4/4
  1372 | D:2      | Found a shadowy altar of Dithmenos.
  2034 | D:2      | Noticed Jessica
  2051 | D:2      | Killed Jessica
  2051 | D:2      | Reached skill level 1 in Dodging
  2051 | D:2      | Reached XP level 5. HP: 11/46 MP: 5/5
  2589 | D:3      | Found a sacrificial altar of Ru.
  2629 | D:3      | Found an ancient bone altar of Kikubaaqudgha.
  2757 | D:3      | Found a blossoming altar of Fedhas.
  2980 | D:3      | Found a sparkling altar of Nemelex Xobeh.
  2985 | D:3      | Became a worshipper of Nemelex Xobeh the Trickster
  3044 | D:3      | Found an opulent altar of Gozag.
  3284 | D:4      | Received a gift from Nemelex Xobeh
  3305 | D:4      | Slain by an orc

Skill      XL: |  1  2  3  4  5 |
---------------+----------------+-----
Fighting       | 4 |  4.4
Long Blades    | 3 |  3.8
Dodging        | 1 |  1.1
Shields        | 4 |  4.6
Armour         | 4 |  4.0
Stealth        | |  0.1

Action                   |  1- 3 |  4- 6 || total
-------------------------+-------+-------++-------
Melee: Long sword        |   105 |   115 ||   220
  Eat: Ration            |     1 |     2 ||     3
Armor: Scale mail        |    51 |    72 ||   123
Dodge: Dodged            |    42 |    52 ||    94
Block: Shield            |    66 |    67 ||   133
       Rpst.: Long sword |    16 |    16 ||    32
